 Dungeon Crawl Stone Soup version 0.19-a0-1065-gdac414d (webtiles) character file.

72 Gagarin the Cudgeler (level 4, -1/49 HPs)
             Began as an Ogre Berserker on Aug 3, 2016.
             Was a Believer of Trog.
             Slain by an adder (4 damage)
             ... on level 4 of the Dungeon.
             The game lasted 00:04:44 (1456 turns).

Gagarin the Cudgeler (Ogre Berserker)               Turns: 1456, Time: 00:04:45

Health: -1/49      AC:  3    Str: 22    XL:     4   Next: 25%
Magic:  4/4        EV: 11    Int:  6    God:    Trog [**....]
Gold:   94         SH:  0    Dex: 10    Spells: 0 memorised, 3 levels left

rFire  . . .     SeeInvis .     a - +0 mace
rCold  . . .     Gourm    .     b - +0 animal skin
rNeg   . . .     Faith    .     (no shield)
rPois  .         Spirit   .     (helmet restricted)
rElec  .         Dismiss  .     (no cloak)
rCorr  .         Reflect  .     (gloves unavailable)
SustAt .         Harm     .     (boots unavailable)
MR     .....                    (no amulet)
Stlth  +.........               (no ring)
                                (no ring)

@: lethally poisoned (-1 -> -15), exhausted, slowed, very slow
A: unfitting armour, tough skin 1
a: Berserk, Trog's Hand, Burn Spellbooks, Renounce Religion


You were on level 4 of the Dungeon.
You worshipped Trog.
Trog was pleased with you.
You were hungry.

You visited 1 branch of the dungeon, and saw 4 of its levels.

You collected 94 gold pieces.

Inventory:

Hand Weapons
 a - a +0 mace (weapon)
Missiles
 g - 8 needles of frenzy
 h - 115 stones
 k - 3 tomahawks (quivered)
 n - 6 needles of sleeping
Armour
 b - a +0 animal skin (worn)
Jewellery
 r - an uncursed ring of protection from fire {unknown}
Scrolls
 d - a scroll of teleportation {unknown}
 e - 3 scrolls of identify {unknown}
 i - a scroll of fear {unknown}
 j - 2 scrolls of remove curse {unknown}
 o - a scroll of magic mapping {unknown}
Potions
 l - a potion of ambrosia {unknown}
 p - 2 potions of lignification {unknown}
 q - a potion of berserk rage {unknown}
 s - a potion of haste {unknown}
 t - a potion of agility {unknown}
 u - a potion of curing {unknown}
 v - a potion of flight {unknown}
Comestibles
 c - 2 bread rations
 f - a chunk of flesh
 m - a meat ration
 w - a royal jelly


   Skills:
 + Level 4.8 Fighting
 + Level 5.0 Maces & Flails
 + Level 3.4 Dodging


You had 3 spell levels left.
You didn't know any spells.

Dungeon Overview and Level Annotations

Branches:
Dungeon (4/15)
 Temple: D:4-7

Altars:
Qazlal


Innate Abilities, Weirdness & Mutations

You are too large for most types of armour.
You have tough skin. (AC +1)


Message History

The adder barely misses you. The giant cockroach barely misses you.
The adder bites you.
You are more poisoned.
The adder poisons you! The orc hits you with a hand axe.
* * * LOW HITPOINT WARNING * * *
The adder bites you.
* * * LOW HITPOINT WARNING * * *
You are lethally poisoned!
The adder poisons you!
* * * LOW HITPOINT WARNING * * *
You feel sick. The adder bites you.
* * * LOW HITPOINT WARNING * * *
You are more poisoned.
The adder poisons you! The orc barely misses you.
The giant cockroach bites you.
* * * LOW HITPOINT WARNING * * *
The adder barely misses you.
* * * LOW HITPOINT WARNING * * *
You feel sick. The adder bites you.
You die...

#.####.#####
#.........(.
...........
#....<.....
#..........
#.......... #
#s.<...$...
#..###S.........
#...@o(........
#####..........
####.#..###
.....# #....#
#...# ###


You could see an adder, an orc and a giant cockroach.

Vanquished Creatures
  2 adders
  An ooze (D:2)
  A giant gecko (D:2)
  2 orcs (D:3)
  2 ball pythons (D:2)
  3 giant cockroaches (D:1)
  10 goblins
  8 hobgoblins
  5 kobolds
  A bat (D:2)
  8 rats
43 creatures vanquished.

Notes
Turn   | Place    | Note
-------+----------+-------------------------------------------
     0 | D:1      | Gagarin the Ogre Berserker began the quest for the Orb.
     0 | D:1      | Reached XP level 1. HP: 24/24 MP: 1/1
   103 | D:1      | Reached XP level 2. HP: 32/32 MP: 2/2
   216 | D:1      | You fall through a shaft!
   518 | D:2      | Reached ** piety under Trog
   522 | D:2      | Reached XP level 3. HP: 39/39 MP: 3/3
   562 | D:2      | Noticed a water elemental
   577 | D:2      | Found a stormy altar of Qazlal.
   583 | D:2      | Noticed an earth elemental
   973 | D:2      | Noticed a fire elemental
   974 | D:2      | Noticed an air elemental
  1438 | D:3      | Reached XP level 4. HP: 49/49 MP: 4/4
  1439 | D:3      | Reached skill level 5 in Maces & Flails
  1456 | D:4      | Slain by an adder

Vault maps used:
D:1:      evilmike_arrival_plus
D:2:      nicolae_qazlal_style_of_elements
D:3:      first_bread, gup_sewer_entry_bubbles, minmay_misc_feat_chi,
          uniq_crazy_yiuf_cottage, uniq_terence
D:4:      grunt_temple_overflow_order_and_chaos_2, bloody_trog,
          kennysheep_little_box, uniq_robin, uniq_edmund, uniq_sigmund

Skill      XL: |  1  2  3  4 |
---------------+-------------+-----
Dodging        | 3 |  3.4
Maces & Flails | 5 |  5.0
Fighting       | |  4.8

Action                   |  1- 3 |  4- 6 || total
-------------------------+-------+-------++-------
Melee: Mace              |    94 |     7 ||   101
Invok: Berserk           |     3 |       ||     3
  Eat: Chunk             |     4 |       ||     4
Armor: Animal skin       |    33 |    15 ||    48
Dodge: Dodged            |    57 |    22 ||    79
